 Dungeon Crawl Stone Soup version 0.29.0-13-gc9e81de378 (webtiles) character file.

Game seed: 10902771606029039674

384 SnakkuSnakku7 the Trooper (level 6, 0/68 HPs)
             Began as an Ogre Enchanter on Sept 8, 2022.
             Was a Follower of Elyvilon.
             Succumbed to their own poison gas
             ... on level 5 of the Dungeon.
             The game lasted 00:05:22 (5352 turns).

SnakkuSnakku7 the Trooper (Ogre Enchanter)          Turns: 5352, Time: 00:05:22

Health: 0/68       AC:  4    Str: 13    XL:     6   Next: 77%
Magic:  9/9        EV: 10    Int: 16    God:    Elyvilon [*.....]
Gold:   246        SH:  0    Dex: 11    Spells: 9/9 levels left

rFire   . . .      SeeInvis +   f - +0 dagger (venom)
rCold   . . .      Faith    .   (no shield)
rNeg    . . .      Spirit   .   b - +0 robe
rPois   .          Reflect  .   (helmet restricted)
rElec   .          Harm     .   i - +0 cloak
rCorr   .          Rampage  .   (gloves unavailable)
Will    .....                   (boots unavailable)
Stlth   ++........              (no amulet)
HPRegen 0.21/turn               h - ring of see invisible
MPRegen 0.11/turn               v - ring of flight

@: lethally poisoned (0 -> -6), on berserk cooldown, flying, slowed, invisible,
very slow
A: large, unfitting armour, tough skin 1
a: Renounce Religion, Purification


You were on level 5 of the Dungeon.
You worshipped Elyvilon.
Elyvilon was aware of your devotion.
You visited 1 branch of the dungeon, and saw 5 of its levels.

You collected 246 gold pieces.

Inventory:

Hand Weapons
 a - a +1 dagger
 f - a +0 dagger of venom (weapon)
 k - a +0 flail
 C - a +0 giant club
Missiles
 n - 11 poisoned darts
 w - 5 boomerangs (quivered)
 y - 5 silver javelins
Armour
 b - a +0 robe (worn)
 i - a +0 cloak (worn)
Jewellery
 h - a ring of see invisible (left hand)
 v - a ring of flight (right hand)
 x - the ring "Urauwup" {MP+9 Int+2 Dex+5}
   (You found it on level 4 of the Dungeon)

   [ring of magical power]

   Int:       It affects your intelligence (+2).
   Dex:       It affects your dexterity (+5).
   MP:        It affects your magic capacity (+9).
Scrolls
 d - 3 scrolls of magic mapping {unknown}
 l - a scroll of poison
 o - 3 scrolls of identify {unknown}
 p - a scroll of amnesia {unknown}
 q - a scroll of fear {unknown}
 r - a scroll of teleportation {unknown}
 s - 3 scrolls of blinking
 u - a scroll of enchant weapon {unknown}
Potions
 c - a potion of invisibility
 e - 2 potions of heal wounds {unknown}
 g - a potion of degeneration {unknown}
 m - a potion of might {unknown}
 t - a potion of brilliance {unknown}
 z - a potion of berserk rage
 A - a potion of flight {unknown}
 B - a potion of attraction {unknown}


   Skills:
 + Level 6.5 Fighting
 - Level 0.8 Short Blades
 - Level 0.4 Maces & Flails
 + Level 4.0 Throwing
 - Level 1.7 Dodging
 - Level 2.1 Stealth
 - Level 2.4 Spellcasting
 - Level 2.6 Hexes


You had 9 spell levels left.
You didn't know any spells.
Your spell library contained the following spells:

 Spells                   Type           Power      Damage    Failure   Level
 Ensorcelled Hibernation  Hex/Ice        12%        N/A       17%         2
 Magic Dart               Conj           4%         1d3       21%         1
 Summon Small Mammal      Summ           4%         N/A       21%         1
 Confusing Touch          Hex            10%        N/A       21%         3
 Tukima's Dance           Hex            10%        N/A       21%         3
 Call Imp                 Summ           1%         N/A       30%         2
 Poisonous Vapours        Pois/Air       2%         N/A       30%         2
 Dazzling Flash           Conj/Hex       12%        N/A       34%         3
 Summon Guardian Golem    Hex/Summ       6%         N/A       34%         3
 Call Canine Familiar     Summ           1%         N/A       52%         3
 Mephitic Cloud           Conj/Pois/Air  1%         N/A       52%         3
 Corpse Rot               Necr/Pois/Air  1%         N/A       89%         4


Dungeon Overview and Level Annotations

Branches:
Dungeon (5/15)
 Temple: D:4-7

Altars:
Ashenzari
Elyvilon
Makhleb
Sif Muna
Zin


Innate Abilities, Weirdness & Mutations

You are too large for most types of armour.
You have tough skin. (AC +1)


Message History

You feel better. The water moccasin bites you. x2
* * * LOW HITPOINT WARNING * * *
You are poisoned.
The water moccasin poisons you!
You fade into invisibility!
You feel very sick. The water moccasin bites you.
* * * LOW HITPOINT WARNING * * *
You feel better. The water moccasin closely misses you.
The water moccasin bites you!
* * * LOW HITPOINT WARNING * * *
There is a stone staircase leading down here.
The air fills with toxic fumes!
As you read the scroll labelled ZEIGGY XAPLOFI, it crumbles to dust.
It was a scroll of poison.
The water moccasin closely misses you.
Unknown command.
Blink to where?
Press: ? - help, Dir - move target, p - water moccasin Really blink into that cloud of poison gas?
As you read the scroll labelled LIFRI ACOJE, it crumbles to dust.
It was a scroll of blinking.
You are engulfed in poison gas.
You are lethally poisoned!
* * * LOW HITPOINT WARNING * * *
x2 You feel very sick.
* * * LOW HITPOINT WARNING * * *
You feel very sick.
It was a potion of berserk rage.
A red film seems to cover your vision as you go berserk!
You feel yourself moving faster!
You feel mighty!
* * * LOW HITPOINT WARNING * * *
You feel very sick.
You feel a strong urge to attack something.
* * * LOW HITPOINT WARNING * * *
You feel sick.
* * * LOW HITPOINT WARNING * * *
You feel sick.
You feel your anger nearly subside.
You are no longer berserk.
You are exhausted.
You feel yourself slow down.
You die...

..# #...##<.....##.. ... ..#
#...##......#... ..#
..#######...##......##.# #.#
..#)....+....+......##.# #.#
..#.#####...##......##.# #.#
#...................##.# #.#
###.#########.#....###.# #.#
###.#########.#....###§####.##
................@...§§S§§..§.#
###.#########.#....########..#
# #.# #.#....# #..# # #.#
#.#....# #..# # #.# #.#....#
#..# ###.# #....# #..# ....#
#....# #?.. ###.# .....# #.##
# #.#


You could see a water moccasin (unable to see you).

Vanquished Creatures
  An ogre (D:4)
  A scorpion (D:4)
  An orc priest (D:4)
  2 iguanas
  An orc wizard (D:4)
  3 gnolls
  2 adders (D:3)
  2 dart slugs (D:4)
  11 orcs
  7 bats
  3 endoplasms
  2 giant cockroaches
  4 hobgoblins
  8 jackals
  4 kobolds
  3 quokkas
  5 ball pythons
  A frilled lizard (D:3)
  5 goblins
  4 rats
70 creatures vanquished.

Notes
Turn   | Place    | Note
-------+----------+-------------------------------------------
     0 | D:1      | SnakkuSnakku7 the Ogre Enchanter began the quest for the
                  | Orb.
     0 | D:1      | Reached XP level 1. HP: 16/16 MP: 3/3
   195 | D:1      | Reached skill level 1 in Fighting
   415 | D:1      | Reached skill level 2 in Fighting
   509 | D:1      | You fall into a shaft and drop 1 floor!
   592 | D:1      | Reached XP level 2. HP: 20/28 MP: 5/5
  1018 | D:2      | Reached skill level 3 in Fighting
  1429 | D:2      | Reached XP level 3. HP: 20/37 MP: 6/6
  2006 | D:3      | Reached skill level 1 in Throwing
  2385 | D:3      | Reached skill level 4 in Fighting
  2385 | D:3      | Reached XP level 4. HP: 20/48 MP: 7/7
  3216 | D:3      | Found a glowing silver altar of Zin.
  3216 | D:3      | Found a burning altar of Makhleb.
  3223 | D:3      | Found a shimmering blue altar of Sif Muna.
  3225 | D:3      | Found a white marble altar of Elyvilon.
  3227 | D:3      | Found a broken altar of Ashenzari.
  3231 | D:3      | Became a worshipper of Elyvilon the Healer
  3480 | D:4      | Reached XP level 5. HP: 27/55 MP: 8/8
  3821 | D:4      | Identified the ring "Urauwup" {MP+9 Int+2 Dex+5}
  3831 | D:4      | Noticed an ogre
  4072 | D:4      | Reached * piety under Elyvilon
  4096 | D:4      | Reached skill level 5 in Fighting
  4586 | D:4      | Reached XP level 6. HP: 52/67 MP: 9/9
  4922 | D:4      | Reached skill level 6 in Fighting
  5049 | D:5      | Entered Level 5 of the Dungeon
  5328 | D:5      | Noticed a water moccasin
  5349 | D:5      | HP: 3/102 [poisoned by you (poison gas)]
  5351 | D:5      | HP: 1/102 [poisoned by you (poison gas)]
  5352 | D:5      | Succumbed to their own poison gas

Illustrated notes

Levels and vault maps discovered:
D:1:      saegor_arrival_simple_b, layout_loops_cross
D:2:      layout_loops_corners
D:3:      layout_basic, chequers_temple_overflow_minitemple
D:4:      layout_loops_cross
D:5:      cheibrodos_quashed, layout_basic, uniq_eustachio

Skill      XL: |  1  2  3  4  5  6 |
---------------+-------------------+-----
Fighting       | 2 3 4 5 6 |  6.5
Throwing       | 1 2 3 4 |  4.0
Short Blades   | |  0.8
Maces & Flails | |  0.4
Dodging        | |  1.7
Stealth        | |  2.1
Spellcasting   | |  2.4
Hexes          | |  2.6

Action                   |  1- 3 |  4- 6 || total
-------------------------+-------+-------++-------
Melee: Dagger            |   132 |   141 ||   273
       Punch             |     1 |     2 ||     3
Throw: Boomerang         |       |    11 ||    11
  Use: Potion            |     1 |     4 ||     5
       Scroll            |       |     2 ||     2
 Stab: Sleeping          |     5 |     1 ||     6
Armor: Robe              |    48 |    35 ||    83
Dodge: Dodged            |    58 |    74 ||   132
